[Event "Early-Titled-Tuesday-Blitz-January-16-2024"]
[Site "Chess.com"]
[Date "2024.01.16"]
[Round "5"]
[White "WhiteKnight2612"]
[Black "FairChess_on_YouTube"]
[Result "0-1"]
[WhiteElo "2873"]
[BlackElo "3088"]
[TimeControl "180+1"]
[EndTime "8:59:04 PST"]
[Termination "FairChess_on_YouTube won by resignation"]

1. Nf3 b5 2. e4 Bb7 3. Bxb5 Bxe4 4. O-O c6 5. Ba4 Qa5 6. Nc3 Bxf3 7. Qxf3 Nf6 8. d4 e6 9. Bf4 Be7 10. Bb3 d5 11.
Qg3 Nh5 12. Qg4 Nxf4 13. Qxf4 O-O 14. Ne2 Nd7 15. c3 Rfb8 16. Rfe1 Qb6 17. Ng3 a5 18. Ba4 Bf8 19. Re2 Nf6 20. Rae1 c5 21. dxc5 Qxc5 22.
h4 Bd6 23. Qf3 Qc4 24. b3 Qxh4 25. c4 dxc4 26. bxc4 Bxg3 27. Qxg3 Qxg3 28. fxg3 Rc8 29. Bb5 Kf8 30. a4 Ke7 31. Re5 g6 32. Rd1 Rd8 33. Rc1 Rac8 34. Ba6 Ra8 35. Bb7 Ra7 36. Bf3 Rc8 37.
Rb5 Nd7 38. c5 Ne5 39. Bb7 Rc7 40. c6 Nd3 41. Rc4 Nb4 42. Kf2 Kd6 43. Rd4+ Nd5 44. Kf3 h5 45. g4 hxg4+ 46. Kxg4 Ke5 47. Rd2 Kd6 48. Kg5 Ke7 49. Rc2 Nf6 50. Kf4 Ne8 51. Rcc5 Nd6 52. Rxa5 Rxa5 53. Rxa5 Nxb7 54. cxb7 Rxb7 55.
g4 Rb4+ 56. Kg5 f6+ 57. Kh4 f5 0-1

[Event "Early-Titled-Tuesday-Blitz-January-16-2024"]
[Site "Chess.com"]
[Date "2024.01.16"]
[Round "5"]
[White "Oleksandr_Bortnyk"]
[Black "Rodalquilar"]
[Result "1-0"]
[WhiteElo "3097"]
[BlackElo "2778"]
[TimeControl "180+1"]
[EndTime "8:59:04 PST"]
[Termination "Oleksandr_Bortnyk won by checkmate"]

1. e4 d5 2. e5 c5 3. c3 Nc6 4. f4 Bf5 5. Nf3 e6 6. Be2 h5 7. d4 h4 8. O-O Qb6 9. a3 Nge7 10. b4 cxd4 11. cxd4 Be4 12. Be3 Nf5 13. Bf2 Rc8 14. Nbd2 Be7 15. Rc1 O-O 16. Nb3 a5 17.
Nc5 axb4 18. Nd7 Qd8 19. Nxf8 bxa3 20. Nxe6 fxe6 21. Qb3 Na5 22. Qb5 Nc4 23. Qxb7 h3 24. Bxc4 Bxf3 25. Ba2 Rxc1 26. Rxc1 Qe8 27. Rc8 Bd8 28.
Qc7 Kh7 29. Qxd8 Qxd8 30. Rxd8 hxg2 31. Bb1 Be4 32. Bxe4 dxe4 33. Kxg2 e3 34. Be1 e2 35.
Kf2 a2 36. Ra8 Nxd4 37. Rxa2 Kg6 38. Rxe2 Kf5 39. Bd2 Nc2 40. Re1 Nd4 41. Rg1 g6 42. Rg5+ Ke4 43. Rxg6 Nf5 44. Rxe6 Nh4 45. Ra6 Kf5 46.
e6 Ng6 47. Bb4 Kg4 48. e7 Nxe7 49. Bxe7 Kh3 50. Rg6 Kxh2 51. Rh6# 1-0

[Event "Early-Titled-Tuesday-Blitz-January-16-2024"]
[Site "Chess.com"]
[Date "2024.01.16"]
[Round "5"]
[White "bascheyaro"]
[Black "NMJeevanK"]
[Result "0-1"]
[WhiteElo "2795"]
[BlackElo "2588"]
[TimeControl "180+1"]
[EndTime "8:59:04 PST"]
[Termination "NMJeevanK won by resignation"]

1. d4 g6 2. c4 Bg7 3. Nf3 d6 4. Nc3 Nc6 5. d5 Ne5 6. Nxe5 Bxe5 7. Be3 c5 8. dxc6 bxc6 9. g3 Rb8 10. Qd2 Qa5 11. Bg2 Rxb2 12. Bxc6+ Kf8 13. Qxb2 Bxc3+ 14. Bd2 Bxb2 15. Bxa5 Bxa1 16. O-O Bd4 17. e3 Bc5 18.
Rb1 Kg7 19. Bd8 Be6 20. Bd5 Bxd5 21. cxd5 Nf6 22. Bxe7 Nxd5 23. Bxd6 Bxd6 24. Rd1 Nxe3 25. Rxd6 Nf5 26. Rd7 Ra8 27. g4 Nh4 28. f4 h6 29.
Kf2 g5 30. f5 a5 31. Rd5 a4 32. Rd4 Ra6 33. a3 Kf6 34. Rb4 Ke5 35. h3 h5 36.
Rb5+ Kf6 37. Rb4 hxg4 38. hxg4 Nxf5 39. gxf5 Kxf5 40. Kf3 Kg6 41. Kg3 f5 42. Rb8 Rc6 43. Rg8+ Kf6 44. Rf8+ Ke5 45. Re8+ Kd4 46. Rd8+ Kc4 47.
Rb8 Rc5 48. Rb4+ Kd3 49. Rxa4 Ke3 50. Ra8 f4+ 51. Kg4 f3 52. Re8+ Kf2 53. Rc8 Rxc8 0-1

[Event "Early-Titled-Tuesday-Blitz-January-16-2024"]
[Site "Chess.com"]
[Date "2024.01.16"]
[Round "5"]
[White "Jojo_898"]
[Black "Dinosaurio_1975"]
[Result "0-1"]
[WhiteElo "2464"]
[BlackElo "2637"]
[TimeControl "180+1"]
[EndTime "8:59:04 PST"]
[Termination "Dinosaurio_1975 won on time"]

1. e4 c6 2. d4 d5 3. Nc3 dxe4 4. Nxe4 Nf6 5. Ng3 h5 6. h4 Bg4 7. Nf3 e6 8. Be2 Bd6 9. Nf1 Nbd7 10. Bg5 Qc7 11. Ne3 Ne4 12. Qd3 Ndf6 13. Nd2 Bxe2 14. Qxe2 Nxd2 15. Qxd2 Ne4 16. Qd3 Qa5+ 17. c3 Nxg5 18.
hxg5 Qxg5 19. O-O-O O-O-O 20. Kb1 g6 21. Nc4 Bc7 22.
Rh3 Qxg2 23. Rf3 Rd7 24. Qe3 Rhd8 25. a4 Kb8 26. a5 a6 27. Nb6 Bxb6 28. axb6 Qh2 29.
Rf4 Qg2 30. c4 g5 31. Rf3 Qg4 32. Qe5+ Ka8 33. Rfd3 Qf5 34. Qxf5 exf5 35. Kc2 c5 36. d5 Rd6 37. Rg3 g4 38. Rh1 Rh8 39. f3 f4 40.
Rgg1 g3 41. Rh4 Rxb6 42. Rxf4 h4 43. Rh1 Rg6 44. Rg1 h3 0-1

[Event "Early-Titled-Tuesday-Blitz-January-16-2024"]
[Site "Chess.com"]
[Date "2024.01.16"]
[Round "5"]
[White "aghasiyevkamal"]
[Black "Ducke13"]
[Result "1-0"]
[WhiteElo "2625"]
[BlackElo "2338"]
[TimeControl "180+1"]
[EndTime "8:59:04 PST"]
[Termination "aghasiyevkamal won on time"]

1. e4 c5 2. Nf3 d6 3. d4 cxd4 4. Nxd4 Nf6 5. Nc3 a6 6. Bg5 Nbd7 7. Qe2 g6 8. O-O-O Bg7 9. f4 O-O 10. e5 dxe5 11. fxe5 Qa5 12. Re1 Nd5 13. Nxd5 Qxd5 14. Nb3 f6 15. Bf4 Nxe5 16. Bxe5 fxe5 17. Qe3 Bf5 18. Rd1 Qc6 19. Qc5 Rac8 20. Qxc6 Rxc6 21. Bd3 e4 22. Be2 Rfc8 23. c3 e3 24. Nd4 Rxc3+ 25. bxc3 Rxc3+ 26. Kb2 Rc2+ 27. Kb3 Bxd4 28. Bc4+ Rxc4 29.
Kxc4 e5 30. Kd5 b5 31. Rxd4 exd4 32. Kxd4 e2 33. Re1 Bg4 34. h3 Be6 35. Rxe2 Bc4 36. Rf2 Kg7 37. a4 h5 38. h4 Bb3 39. a5 b4 40. Kc5 Ba4 41. Kxb4 Bb5 42. Kc5 Bd3 43. Kd6 Bb5 44. Ke5 Bd3 45. Rf3 Be2 46. Rf4 Bb5 47.
g3 Bd3 48. Ke6 Bb5 49. Rf7+ Kh6 50. Kf6 1-0

[Event "Early-Titled-Tuesday-Blitz-January-16-2024"]
[Site "Chess.com"]
[Date "2024.01.16"]
[Round "5"]
[White "ilqar_74"]
[Black "Alexei_Gubajdullin"]
[Result "1/2-1/2"]
[WhiteElo "2809"]
[BlackElo "2633"]
[TimeControl "180+1"]
[EndTime "8:59:06 PST"]
[Termination "Game drawn - insufficient material"]

1. e4 e5 2. Nf3 Nf6 3. Nxe5 d6 4.
Nf3 Nxe4 5. d4 d5 6. Bd3 Nc6 7. O-O Be7 8. c4 Nb4 9. cxd5 Nxd3 10. Qxd3 Qxd5 11. Re1 Bf5 12. Nc3 Nxc3 13. Qxc3 Qd8 14. Bf4 c6 15. d5 O-O 16. dxc6 bxc6 17. Qxc6 Be6 18. Red1 Qe8 19. Qxe8 Rfxe8 20. Nd4 Bg4 21. f3 Bd7 22. Rac1 Rac8 23. Rxc8 Rxc8 24. Ne2 Be6 25. b3 Rc2 26. Rd2 Rc8 27. Be3 a6 28. Nd4 Bd7 29. Rc2 Rxc2 30. Nxc2 Bf5 31. Nd4 Bb1 32. Nc6 Bd6 33. a4 Bc2 34. Nd4 Bd1 35. Kf2 Bc5 36. Nf5 Bc2 37. g4 g6 38. Nh6+ Kg7 39. g5 Bb4 40. Bd4+ Kf8 41. Bb6 a5 42. Ng4 Bxb3 43. Ne5 Bxa4 44. Nc4 Be7 45. h4 h6 46. f4 hxg5 47.
hxg5 f6 48. gxf6 Bxf6 49. Bxa5 g5 50. fxg5 Bxg5 51. Kf3 Bc6+ 52. Kg4 Be7 53. Ne5 Be8 54. Kf5 Bd6 55. Nd3 Ke7 56. Bc3 Bd7+ 57. Ke4 Bc6+ 58. Kd4 Bb5 59. Nc1 Ke6 60. Nb3 Ba4 61. Nc5+ Bxc5+ 62. Kxc5 1/2-1/2

[Event "Early-Titled-Tuesday-Blitz-January-16-2024"]
[Site "Chess.com"]
[Date "2024.01.16"]
[Round "5"]
[White "Firouzja2003"]
[Black "SantoBlue"]
[Result "1-0"]
[WhiteElo "3167"]
[BlackElo "2940"]
[TimeControl "180+1"]
[EndTime "8:59:07 PST"]
[Termination "Firouzja2003 won by resignation"]

1. e4 e5 2. Nf3 Nc6 3. Bb5 a6 4. Ba4 Nf6 5. O-O Be7 6. Re1 b5 7. Bb3 O-O 8. d3 d6 9. Bd2 Be6 10. Nc3 h6 11. Nd5 Nd7 12. a4 Rb8 13. axb5 axb5 14.
Ra6 Nd4 15. Nxd4 exd4 16. Ba5 Bxd5 17. Bxd5 Qc8 18. Ra7 Bd8 19. Qg4 c6 20. Bxd8 Rxd8 21. Bb3 Rb7 22. Rea1 Nc5 23. Qxc8 Rxc8 24. Rxb7 Nxb7 25.
Ra7 Rb8 26. f4 Kf8 27. Kf2 Ke7 28. Kf3 g6 29. h4 h5 30. g4 hxg4+ 31. Kxg4 Kf6 32. h5 gxh5+ 33. Kxh5 Rh8+ 34. Kg4 Rg8+ 35.
Kf3 Rb8 36. Ba2 Ke7 37. b4 Kf6 38. Bb3 Ke7 39. e5 dxe5 40. fxe5 f6 41. e6 Kd6 42. Ke4 c5 43. Ra6+ Ke7 44. Ra7 c4 45. dxc4 Kxe6 46. c5+ Kd7 47. Bd5 Kc8 48. Rxb7 Rxb7 49. Bxb7+ Kxb7 50.
Kf5 Kc6 51. Kxf6 Kd5 52. Ke7 Kc4 53. c6 1-0

[Event "Early-Titled-Tuesday-Blitz-January-16-2024"]
[Site "Chess.com"]
[Date "2024.01.16"]
[Round "5"]
[White "JesseFebruary"]
[Black "otrov-11"]
[Result "0-1"]
[WhiteElo "1906"]
[BlackElo "2449"]
[TimeControl "180+1"]
[EndTime "8:59:08 PST"]
[Termination "otrov-11 won by resignation"]

1. e4 e6 2. d4 d5 3. exd5 Qxd5 4. c4 Qa5+ 5. Nc3 Nf6 6. Nf3 c6 7. Bd2 Qd8 8. Bd3 Nbd7 9. O-O Bd6 10. h3 O-O 11. Re1 Re8 12. Rc1 e5 13. dxe5 Nxe5 14.
Nxe5 Bxe5 15. Bb1 Bc7 16. Bg5 Be6 17. Qc2 g6 18. Rcd1 Qe7 19. Qb3 b5 20. Ne4 Be5 21. f4 Bxc4 22. Qc2 h6 23. Nxf6+ Bxf6 24. Rxe7 hxg5 25. Rxe8+ Rxe8 26. fxg5 Bxg5 27. Kh1 Re2 28. Qc3 Bd5 29. Rxd5 cxd5 30. Qc8+ Kg7 31. Qg4 Re1+ 32.
Kh2 Bf6 33. Bd3 Be5+ 34. g3 Re3 35. Bf1 d4 36. Bxb5 d3 37. Bxd3 Rxd3 38. Qe4 Rd2+ 39. Kg1 Bxb2 40. Kf1 Bf6 41. g4 Rxa2 42. Qd5 Ra1+ 43.
Ke2 g5 44. Kd2 Ra3 45. Kc2 Rxh3 46. Qg2 Ra3 47. Kb1 Ra1+ 48. Kc2 Ra2+ 0-1

[Event "Early-Titled-Tuesday-Blitz-January-16-2024"]
[Site "Chess.com"]
[Date "2024.01.16"]
[Round "5"]
[White "FARIZA2018"]
[Black "GMAkobianSTL"]
[Result "0-1"]
[WhiteElo "2504"]
[BlackElo "2701"]
[TimeControl "180+1"]
[EndTime "8:59:11 PST"]
[Termination "GMAkobianSTL won on time"]

1. e4 d6 2. d4 Nf6 3. Nc3 c6 4. Nf3 Bg4 5. h3 Bh5 6. Be2 e6 7. O-O d5 8. e5 Nfd7 9. Be3 c5 10. Nb5 cxd4 11. Bxd4 Nc6 12. Nd6+ Bxd6 13. exd6 Nxd4 14. Qxd4 O-O 15. Rad1 Qb6 16. c4 dxc4 17. g4 Bg6 18.
Bxc4 Rfd8 19. Rfe1 Rac8 20. b3 Qa5 21. Ne5 Nxe5 22.
Rxe5 Qb4 23. Rb5 Qa3 24. Rxb7 a5 25. d7 Ra8 26. Qb6 h5 27. Rc7 hxg4 28. hxg4 Qxa2 29. Qc5 Qc2 30. Re1 Qd2 31. Qe3 Rxd7 32. Qxd2 Rxd2 33. Re5 a4 34. bxa4 Rxa4 35. Rc8+ Kh7 36. Be2 Re4 37. Rxe4 Bxe4 38. Kf1 g5 39. f3 Bd5 40. Ke1 Rb2 41.
Rc7 Kg6 42. Kf2 Kf6 43. Ke3 Ra2 44. Bd1 Ra3+ 45. Kf2 Ra1 46. Be2 Ra2 47. Ke3 Rb2 48. Bc4 Rc2 0-1

[Event "Early-Titled-Tuesday-Blitz-January-16-2024"]
[Site "Chess.com"]
[Date "2024.01.16"]
[Round "5"]
[White "LoScecco"]
[Black "EsmeraldasAnderson03"]
[Result "1-0"]
[WhiteElo "2230"]
[BlackElo "2396"]
[TimeControl "180+1"]
[EndTime "8:59:12 PST"]
[Termination "LoScecco won on time"]

1. c4 e5 2. Nc3 Nc6 3. g3 f5 4.
Bg2 Nf6 5. d3 Bc5 6. e3 d6 7. Nge2 a6 8. d4 Ba7 9. O-O O-O 10. b3 Qe8 11. Bb2 Qh5 12. Nd5 f4 13. exf4 exd4 14. Nxd4 Bg4 15. Qd2 Nxd4 16. Bxd4 Bxd4 17.
Qxd4 Bf3 18. Nxf6+ Rxf6 19. Bxf3 Qxf3 20. Qd5+ Qxd5 21.
cxd5 Rf5 22. Rfd1 Re8 23. Rac1 Re7 24. Rd2 Kf7 25. Kg2 h5 26. Kf3 g5 27. Rdc2 gxf4 28. gxf4 Rxd5 29. Rxc7 Rd2 30. Rxe7+ Kxe7 31. Rc7+ Ke6 32.
Rxb7 Rxa2 33. Rh7 Ra3 34. Rh6+ Kd5 35. Rxh5+ Kd4 36. Rh6 Rxb3+ 37. Kg4 Kd5 38. h4 Rb2 39. Kg3 a5 40. Rh5+ Ke4 41. Rxa5 d5 42. h5 Rb1 43.
Kg2 d4 44. h6 d3 45. h7 Rb8 46.
Ra4+ Kf5 47. Kf3 d2 48. Rd4 Rh8 49. Rd5+ Ke6 50. Rxd2 Rxh7 51. Re2+ Kf6 52. Ra2 Rb7 53. Ra5 Rb6 54. Kg4 Kg6 55. f5+ Kf6 56. f4 Rc6 57. Re5 1-0

[Event "Early-Titled-Tuesday-Blitz-January-16-2024"]
[Site "Chess.com"]
[Date "2024.01.16"]
[Round "5"]
[White "Chempiblinka"]
[Black "Tolyanius"]
[Result "1-0"]
[WhiteElo "2277"]
[BlackElo "2433"]
[TimeControl "180+1"]
[EndTime "8:59:15 PST"]
[Termination "Chempiblinka won on time"]

1. Nf3 d6 2. g3 e5 3. d3 Nc6 4.
Bg2 g6 5. O-O Bg7 6. c4 f5 7.
Nc3 Nf6 8. Rb1 O-O 9. b4 Ne7 10. c5 h6 11. b5 Be6 12. a4 g5 13. cxd6 cxd6 14. Ba3 Rc8 15. Rc1 e4 16. Nd4 Qd7 17. dxe4 Rxc3 18. Rxc3 fxe4 19. Nxe6 Qxe6 20. Qxd6 Qxd6 21.
Bxd6 Nfd5 22. Bxe7 Nxc3 23. Bxf8 Kxf8 24. e3 Ke7 25. Re1 Kd6 26. f3 Kc5 27. fxe4 Be5 28. Kf2 Nxa4 29. Rd1 Nc3 30. Rd7 Nxb5 31. Rd5+ Kb4 32.
Rxe5 a5 33. Bf1 Nc3 34. Re7 b5 35. e5 a4 36. e6 a3 37. Ra7 Na4 38. e7 a2 39.
e8=Q a1=Q 40. Be2 Qf6+ 41. Kg2 Qf5 42. Qe7+ Nc5 43. Qf7 Qe4+ 44. Qf3 Qe5 45. Ra2 Ne4 46. Bd3 Nc3 47. Rb2+ Ka3 48. Rd2 Nd5 49. Be4 Nc3 50.
Bc6 b4 51. e4 Qb5 52. Bxb5 1-0

[Event "Early-Titled-Tuesday-Blitz-January-16-2024"]
[Site "Chess.com"]
[Date "2024.01.16"]
[Round "5"]
[White "shimastream"]
[Black "Rsnr"]
[Result "1-0"]
[WhiteElo "3017"]
[BlackElo "2866"]
[TimeControl "180+1"]
[EndTime "8:59:16 PST"]
[Termination "shimastream won by resignation"]

1. d4 d5 2. c4 c6 3. cxd5 cxd5 4. Nc3 Nf6 5. Bf4 Qb6 6. a3 Qxb2 7. Na4 Qb5 8. e4 Qa5+ 9. Bd2 Qd8 10. e5 Ne4 11. Bd3 Nc6 12. Ne2 Nxd2 13. Qxd2 Qa5 14. Nac3 e6 15. O-O Be7 16. Rfb1 O-O 17. Qe3 a6 18. Ng3 g6 19. Nce2 b5 20. Qh6 f5 21.
Rc1 Qb6 22. Rd1 Bd7 23. h4 Rf7 24. Nf1 Be8 25. Qf4 Rc8 26. Nh2 Qd8 27. Nf3 Na5 28.
Qg3 Kh8 29. Nf4 Bd7 30. Ng5 Bxg5 31. hxg5 Kg8 32. Qh4 Nc4 33. g3 Nb2 34. Rd2 Nxd3 35. Rxd3 Rc4 36. Kg2 Rg7 37. Rh1 Qe7 38. Qh6 Qf7 39.
Rh4 Qe7 40. Rh3 Be8 41. Qh4 a5 42. Rh1 b4 43. axb4 axb4 44. Rb1 Ba4 45. Rb2 b3 46. Ne2 Rf7 47. Qf4 Rf8 48. Nc3 Rb8 49. Nxa4 Rxa4 50. Rdxb3 Rxb3 51. Rxb3 Qa7 52. Qc1 Rxd4 53. Qc8+ Kg7 54.
Rb7+ 1-0

[Event "Early-Titled-Tuesday-Blitz-January-16-2024"]
[Site "Chess.com"]
[Date "2024.01.16"]
[Round "5"]
[White "IMRosen"]
[Black "Kiborg95"]
[Result "0-1"]
[WhiteElo "2650"]
[BlackElo "2874"]
[TimeControl "180+1"]
[EndTime "8:59:16 PST"]
[Termination "Kiborg95 won by resignation"]

1. e4 d6 2. Bc4 Nf6 3. Qe2 c6 4. Bb3 Nbd7 5. d4 e5 6. c3 Be7 7. Nf3 O-O 8. O-O a5 9. h3 a4 10.
Bc2 b5 11. Be3 Re8 12. Nbd2 Bf8 13. Rfe1 Bb7 14. Rad1 Qa5 15. a3 Rac8 16. Bb1 exd4 17. cxd4 c5 18. d5 g6 19. Qd3 c4 20. Qc3 Qxc3 21.
bxc3 Ne5 22. Bd4 Nfd7 23. Bc2 Ba6 24. Rb1 Nc5 25. Bxc5 Nxf3+ 26. Nxf3 Rxc5 27. Nd4 Bg7 28. f4 Kf8 29. Kf2 h5 30. g3 Ke7 31. Rb4 Kd7 32. Reb1 Bxd4+ 33. cxd4 Rc7 34. Rxb5 Bxb5 35. Rxb5 Ra8 36.
Rb4 Ke7 37. Ke3 Ra5 38. Kd2 c3+ 39. Kd3 Kf6 40. g4 hxg4 41. hxg4 g5 42. e5+ Ke7 43. Ke4 gxf4 44. Kxf4 Rxd5 45. Rxa4 dxe5+ 46. Ke4 Rxd4+ 47. Rxd4 exd4 48. Kxd4 Kf6 49. Kd3 Kg5 50. Bd1 c2 51. Bxc2 Kxg4 52. a4 f5 53. Bd1+ Kg3 54. Kd4 Rd7+ 55.
Kc5 Rxd1 56. Kb6 f4 57. a5 Ra1 58. a6 f3 59. Ka7 Rxa6+ 60. Kb7 Re6 0-1

[Event "Early-Titled-Tuesday-Blitz-January-16-2024"]
[Site "Chess.com"]
[Date "2024.01.16"]
[Round "5"]
[White "PavelChernomordik"]
[Black "LuisFSiles"]
[Result "0-1"]
[WhiteElo "2407"]
[BlackElo "2255"]
[TimeControl "180+1"]
[EndTime "8:59:16 PST"]
[Termination "LuisFSiles won on time"]

1. e4 c5 2. Nc3 g6 3. f4 Bg7 4.
Nf3 Nc6 5. Bb5 Nd4 6. Bc4 e6 7. e5 Ne7 8. Ne4 O-O 9. c3 Nxf3+ 10. Qxf3 d5 11. exd6 Nf5 12. Nxc5 Qxd6 13. Ne4 Qc7 14. b3 Nh4 15. Qe2 Qxf4 16. g3 Qf3 17. Rf1 Qxe2+ 18. Kxe2 Nf5 19. Ba3 Rd8 20. g4 Re8 21. Kd1 Nh6 22.
Bb5 Rd8 23. Be7 Rd5 24. Bc4 Re5 25. Nf6+ Bxf6 26. Bxf6 Nxg4 27. Bxe5 Nxe5 28. Be2 Bd7 29. d4 Nc6 30. Bf3 Rd8 31. Kc2 b6 32. Rad1 Kg7 33.
d5 exd5 34. Rxd5 Ne7 35. Rd2 Bf5+ 36. Kc1 Rc8 37. Kb2 Nc6 38. Bxc6 Rxc6 39. Re1 h5 40. Re7 a5 41. h4 Rf6 42. Rd4 Bg4 43. c4 g5 44. hxg5 Rf2+ 45. Ka3 Be6 46. Rd6 Kg6 47. Rxb6 h4 48. Re8 h3 49. Rh8 h2 50. c5 Kxg5 0-1

[Event "Early-Titled-Tuesday-Blitz-January-16-2024"]
[Site "Chess.com"]
[Date "2024.01.16"]
[Round "5"]
[White "EvgenyBurmakin"]
[Black "Allion2017"]
[Result "1-0"]
[WhiteElo "2388"]
[BlackElo "2030"]
[TimeControl "180+1"]
[EndTime "8:59:16 PST"]
[Termination "EvgenyBurmakin won by resignation"]

1. e4 c5 2. Nc3 Nc6 3. Bb5 Nd4 4. Bc4 e6 5. Nf3 Nxf3+ 6. Qxf3 Be7 7. d3 a6 8. a4 d6 9. Bd2 Nf6 10. O-O O-O 11. Qg3 Kh8 12. f4 Bd7 13. e5 Ne8 14.
exd6 Nxd6 15. Ne4 Nxc4 16. dxc4 Bc6 17. Bc3 Bf6 18. Nxf6 gxf6 19. Qh4 e5 20. fxe5 Rg8 21. g3 Rg6 22. Rxf6 Rxf6 23. exf6 Qd7 24. Qf4 Qh3 25.
Qf2 Re8 26. Re1 Rxe1+ 27. Bxe1 h5 28. Bc3 Qe6 29. Qd2 Kh7 30. Qg5 Qg4 31. Qxg4 hxg4 32. a5 Be4 33. Kf2 Bxc2 34. Ke3 Kg6 35. Kf4 Kh5 36.
Be5 Bb3 37. Bd6 Bxc4 38. Bxc5 Bb5 39. b4 Bc6 40. Bf8 Bf3 41. h4 Bd1 42. Bd6 Kg6 43. Be5 Bf3 44. Bd4 Bd1 45. Ke5 Bf3 46.
Kd6 Kf5 47. Ke7 Kg6 48. h5+ Kxh5 49. Kxf7 Kh6 50. Kg8 Bd5+ 51. Kf8 Kg6 52. Ke7 Bf7 53. Kd6 Kf5 54. Ke7 Bd5 55. f7 1-0

[Event "Early-Titled-Tuesday-Blitz-January-16-2024"]
[Site "Chess.com"]
[Date "2024.01.16"]
[Round "5"]
[White "vi_pranav"]
[Black "Byniolus"]
[Result "1-0"]
[WhiteElo "3041"]
[BlackElo "2759"]
[TimeControl "180+1"]
[EndTime "8:59:17 PST"]
[Termination "vi_pranav won by resignation"]

1. e4 d5 2. exd5 Nf6 3. Nf3 Nxd5 4. d4 Bg4 5. Be2 e6 6. O-O Nc6 7. h3 Bh5 8. c4 Nb6 9. Be3 Bxf3 10. Bxf3 Nxc4 11.
Bxc6+ bxc6 12. Qa4 Nb6 13. Qxc6+ Qd7 14. Qf3 Be7 15.
Nc3 O-O 16. Rad1 c6 17. Ne4 Nd5 18. Bc1 a5 19. Rfe1 a4 20. Qg3 Kh8 21. a3 Nf6 22.
Nc5 Bxc5 23. dxc5 Nd5 24. Bf4 Qb7 25. Bd6 Rfe8 26. Rd2 f6 27. Re4 e5 28. Rde2 Red8 29. Qg4 Qf7 30. Qf3 Qg6 31. Rg4 Qb1+ 32. Kh2 Nf4 33.
Rxf4 exf4 34. Qxf4 Qd3 35. Re7 h6 36. Qg4 Qh7 37. Rc7 Rab8 38. Qd4 Rb3 39. f3 Qc2 40. Qg4 Rg8 41. Bf8 Qh7 42. Rc8 Rxb2 43. Qe6 Qc2 44. Bxg7+ Kh7 45. Qxg8+ Kg6 46. Bh8+ Kf5 47. Qg4+ Ke5 48. Re8+ Kd5 49. Bxf6 Kxc5 50. Qd4+ Kb5 51. Qxb2+ 1-0

[Event "Early-Titled-Tuesday-Blitz-January-16-2024"]
[Site "Chess.com"]
[Date "2024.01.16"]
[Round "5"]
[White "BursaBBSatranc"]
[Black "evgchess5"]
[Result "0-1"]
[WhiteElo "2715"]
[BlackElo "2974"]
[TimeControl "180+1"]
[EndTime "8:59:18 PST"]
[Termination "evgchess5 won on time"]

1. d4 Nf6 2. Nf3 e6 3. Bf4 c5 4. e3 Nc6 5. c3 d5 6. Nbd2 cxd4 7.
exd4 Nh5 8. Be3 Bd6 9. Bd3 Nf4 10.
Bxf4 Bxf4 11. g3 Bd6 12. O-O O-O 13. Qe2 f6 14. c4 g6 15. a3 a5 16. Rfe1 Kg7 17.
Qe3 a4 18. Rac1 Bd7 19. Bf1 Na5 20. Bh3 Re8 21. Bg2 Rc8 22. c5 Bb8 23. Qd3 b6 24. b4 axb3 25. Nxb3 Nxb3 26. Qxb3 Ba7 27. cxb6 Qxb6 28. Qxb6 Bxb6 29. Bf1 Kf7 30. Rxc8 Rxc8 31.
Rb1 Rb8 32. Bd3 Ke7 33. Kf1 Kd6 34. Ke2 Ba7 35. Rxb8 Bxb8 36. h4 Be8 37. h5 e5 38.
hxg6 hxg6 39. dxe5+ fxe5 40. Ng5 e4 41. Ba6 Ke5 42.
f3 Kf5 43. f4 Bd7 44. Bb7 Be6 45. Nxe6 Kxe6 46. Bc8+ Kd6 47. a4 Bc7 48. g4 d4 49.
f5 gxf5 50. Bxf5 Ke5 51. Bh7 d3+ 52. Kd2 Kd4 53. Bf5 e3+ 54. Kd1 e2+ 0-1

[Event "Early-Titled-Tuesday-Blitz-January-16-2024"]
[Site "Chess.com"]
[Date "2024.01.16"]
[Round "5"]
[White "Kopytkin"]
[Black "guillembaches"]
[Result "1/2-1/2"]
[WhiteElo "2395"]
[BlackElo "2516"]
[TimeControl "180+1"]
[EndTime "8:59:19 PST"]
[Termination "Game drawn by repetition"]

1. d4 d5 2. Bg5 h6 3. Bf4 Bg4 4. c4 c6 5. h3 Bh5 6. Nc3 e6 7. c5 Nd7 8. b4 Ngf6 9. g4 Bg6 10. Nf3 Be7 11. e3 O-O 12. Bd3 Bxd3 13. Qxd3 b6 14.
O-O a5 15. a3 Qc8 16. Rfc1 Qb7 17. Na4 axb4 18. axb4 b5 19. Nc3 Rxa1 20. Rxa1 Ra8 21. Qb1 Bd8 22. Ra2 Ne8 23. Qa1 Rxa2 24. Qxa2 Bc7 25.
Bxc7 Nxc7 26. Ne2 Qa6 27. Qa5 Qxa5 28. bxa5 f6 29. Kf1 Nb8 30. Ke1 Nba6 31. Kd2 g5 32.
Kc3 Kf7 33. Nd2 e5 34. Nb3 Ke6 35.
Ng3 Ne8 36. Nf5 h5 37. f3 hxg4 38. hxg4 Kf7 39. Nd6+ Ke7 40. Nf5+ Ke6 41. Nc1 Nec7 42. Nd6 Nb8 43. Nd3 Nca6 44. Kb3 Nd7 45. Nb4 Ndxc5+ 46. dxc5 Nxc5+ 47. Kc3 Kxd6 48. a6 Kc7 49. a7 Kb7 50.
Nxc6 Nd7 51. Kb4 Nb6 52. Kxb5 d4 53. exd4 exd4 54. a8=Q+ Nxa8 55. Nxd4 Kc7 56. Kc5 Kd7 57. Kd5 Nc7+ 58. Ke4 Ke7 59. Kf5 Nd5 60. Nc6+ Kf7 61.
Nd8+ Ke7 62. Nc6+ Kf7 63. Nd8+ Ke7 64. Nc6+ 1/2-1/2

[Event "Early-Titled-Tuesday-Blitz-January-16-2024"]
[Site "Chess.com"]
[Date "2024.01.16"]
[Round "5"]
[White "Herzog2012"]
[Black "Doublekk14"]
[Result "0-1"]
[WhiteElo "2531"]
[BlackElo "2267"]
[TimeControl "180+1"]
[EndTime "8:59:20 PST"]
[Termination "Doublekk14 won by resignation"]

1. e4 c5 2. Nf3 e6 3. g3 Nc6 4.
Bg2 d5 5. exd5 exd5 6. d4 Nf6 7.
O-O Be7 8. Nc3 cxd4 9. Nxd4 h6 10.
h3 O-O 11. Be3 Bb4 12. Nce2 Ne5 13. b3 Ne4 14. Nf4 Bc3 15. Rb1 Ba5 16. Ra1 Bc3 17. Rb1 Ba5 18. Nfe2 Qf6 19. c4 Ng5 20. f4 Nxh3+ 21. Bxh3 Bxh3 22. fxe5 Qxe5 23. Rf3 dxc4 24.
bxc4 Rad8 25. Qd3 Bb6 26. Rb5 Qe7 27. Nf4 Bg4 28. Rf1 Qxe3+ 29. Qxe3 Bxd4 30. Qxd4 Rxd4 31. Rxb7 Rxc4 32. Rxa7 Rc3 33. Kh2 Rc2+ 34. Kg1 Rd8 35. Ng2 Be6 36. Nf4 Bxa2 37. Rf2 Rxf2 38. Kxf2 Bc4 39. Rc7 Be6 40. Re7 Bg4 41. Ra7 g5 42. Ng2 Rd2+ 43. Kg1 Rd1+ 44. Kf2 Rd2+ 45. Kg1 f5 46.
Ne3 Rd3 47. Nxg4 Rxg3+ 48. Kf2 Rxg4 49. Ra6 Rf4+ 50. Kg3 Kg7 51. Ra7+ Kg6 52. Ra1 Rb4 53. Kf3 Rb3+ 54. Kf2 g4 55. Ra8 Kg5 0-1

[Event "Early-Titled-Tuesday-Blitz-January-16-2024"]
[Site "Chess.com"]
[Date "2024.01.16"]
[Round "5"]
[White "margarita_2703"]
[Black "DonJuanEGenaro"]
[Result "1/2-1/2"]
[WhiteElo "2281"]
[BlackElo "1874"]
[TimeControl "180+1"]
[EndTime "8:59:20 PST"]
[Termination "Game drawn - insufficient material"]

1. h3 d5 2. d4 c5 3. c3 cxd4 4. cxd4 Nf6 5. Nc3 Nc6 6. Bf4 e6 7. Nf3 Ne4 8. e3 Qa5 9. Qb3 Bb4 10. Rc1 a6 11. Bd3 f5 12. Bxe4 fxe4 13. Ne5 O-O 14. O-O Nxe5 15. Bxe5 Bd7 16. a3 Bxc3 17. Qxc3 Qxc3 18.
Rxc3 Rac8 19. Rfc1 Rc6 20. Rxc6 Bxc6 21. b4 Rd8 22. f3 exf3 23. gxf3 Kf7 24. Kf2 g5 25. Kg3 Kg6 26. h4 Rf8 27. hxg5 Kxg5 28. Rh1 Kg6 29. Bf4 h5 30. Kh4 e5 31. Rg1+ Kh7 32.
dxe5 d4 33. Rg5 dxe3 34. Rxh5+ Kg6 35. Rg5+ Kh7 36. Bxe3 Rxf3 37. Rh5+ Kg6 38. Rg5+ Kf7 39. Bc5 Bd7 40. Rg1 Ke6 41. Bd6 Rxa3 42. Rg6+ Kd5 43.
Rg7 Rh3+ 44. Kg5 Rg3+ 45. Kf6 Rxg7 46. Kxg7 b6 47. Kf8 a5 48. bxa5 bxa5 49. Ke7 Be6 50. Kf6 a4 51. Be7 Bg4 52. Ba3 Kc4 53. Bd6 Kb3 54. Be7 a3 55. Bxa3 Kxa3 56. e6 Bxe6 1/2-1/2

[Event "Early-Titled-Tuesday-Blitz-January-16-2024"]
[Site "Chess.com"]
[Date "2024.01.16"]
[Round "5"]
[White "K_A_S_T_O_R"]
[Black "SahibSinghKnight"]
[Result "1-0"]
[WhiteElo "2909"]
[BlackElo "2684"]
[TimeControl "180+1"]
[EndTime "8:59:21 PST"]
[Termination "K_A_S_T_O_R won on time"]

1. e4 e6 2. d4 d5 3. Nc3 Nf6 4. e5 Nfd7 5. Nce2 c5 6. c3 Nc6 7.
f4 Qb6 8. Nf3 f6 9. a3 a5 10. h4 fxe5 11. fxe5 Be7 12. Nf4 Nd8 13. Bd3 Nf8 14. Rb1 Bd7 15. Qe2 cxd4 16. cxd4 Nc6 17. Be3 a4 18. Nh5 Rg8 19. O-O Na5 20. Ng5 h6 21.
Nf3 Nc4 22. Bxc4 dxc4 23. Nf4 Bb5 24. Qc2 Qc6 25. Rbd1 O-O-O 26. d5 exd5 27. Nd4 Qa6 28. Nfe2 Bc5 29. Nc3 Be8 30. Qf5+ Kb8 31. Kh1 Bg6 32. Qf2 Bd3 33. Rfe1 Ne6 34. Nxe6 Bxe3 35. Qxe3 Qxe6 36. Nb5 Qa6 37. Nd6 Rgf8 38. Qg3 Ka8 39. Re3 Qb6 40.
Rf3 Rxf3 41. Qxf3 Qxb2 42. Qxd5 Be2 43. Rd2 Qb1+ 44. Kh2 Bd3 45. e6 Qb6 46. e7 Rb8 47. e8=Q Rxe8 48. Nxe8 Qe3 49. Rb2 Be4 50. Qd8+ Ka7 51.
Qa5+ Kb8 52. Qe5+ Ka8 53. Nd6 c3 54. Rb5 1-0